 Dungeon Crawl Stone Soup version 0.31-a0-216-g22e908daa7 (webtiles) character file.

Game seed: 8228224022698200807

29 qw the Shooter (level 3, 0/21 HPs)
             Began as a Gargoyle Hexslinger on July 2, 2023.
             Slain by a goblin
             ... wielding a +0 dagger
             ... led by Robin
              (1 damage)
             ... on level 2 of the Dungeon.
             The game lasted 00:00:20 (908 turns).

qw the Shooter (Gargoyle Hexslinger)                 Turns: 908, Time: 00:00:20

Health: 0/21       AC: 10    Str: 11    XL:     3   Next: 16%
Magic:  4/4        EV: 10    Int: 13    God:
Gold:   32         SH:  0    Dex: 14    Spells: 3/4 levels left

rFire   . . .        Y - +1 sling
rCold   + . .        (no shield)
rNeg    + . .        h - +2 ring mail {rC+}
rPois   inf          (no helmet)
rElec   +            (no cloak)
rCorr   .            (no gloves)
SInv    .            (no boots)
Will    .....        (no amulet)
Stlth   +            (no ring)
HPRegen 0.23/turn    (no ring)
MPRegen 0.09/turn

%: no passive effects
@: no status effects
A: sickness immunity, AC +3, negative energy resistance 1, electricity
resistance, torment resistance 1, petrification resistance
a: no special abilities


You were on level 2 of the Dungeon.
You visited 1 branch of the dungeon, and saw 2 of its levels.

You collected 32 gold pieces.


Innate Abilities, Weirdness & Mutations

You are immune to sickness and miasma.
Your stone body is resilient. (AC +3)
You are immune to poison.
You resist negative energy. (rN+)
You are resistant to electric shocks. (rElec)
You are resistant to unholy torment.
You are immune to petrification.


   Skills:
 - Level 2.0 Fighting
 + Level 3.1 Ranged Weapons
 - Level 1.5 Dodging
 - Level 1.0 Spellcasting
 - Level 2.6 Hexes


You had 3 spell levels left.
You knew the following spells:

 Your Spells              Type           Power      Damage    Failure   Level
a - Slow                  Hex            28%        N/A       22%         1

Your spell library contained the following spells:

 Spells                   Type           Power      Damage    Failure   Level
 Inner Flame              Hex/Fire       4%         N/A       75%         3
 Portal Projectile        Hex/Tloc       8%         N/A       75%         3
 Cause Fear               Hex            3%         N/A       92%         4

Inventory:

Hand Weapons
 Y - a +1 sling (weapon)
Armour
 h - a +2 ring mail of cold resistance (worn)
Jewellery
 c - an amulet of reflection
 l - an amulet of faith
Scrolls
 a - a scroll of identify
Potions
 f - a potion of curing
 g - a potion of attraction {unknown}
 i - a potion of degeneration {unknown}

Dungeon Overview and Level Annotations

Branches:
Dungeon (2/15)

Altars:

Annotations:
D:2 Robin


Message History

The goblin completely misses you.
You shoot a sling bullet.
The sling bullet barely misses the hobgoblin.
Robin throws the goblin at you! The goblin hits you with a +0 dagger.
The goblin hits you but does no damage. The goblin barely misses you.
The hobgoblin misses you. Robin throws the goblin at you!
The goblin hits you but does no damage.
You shoot a sling bullet. The sling bullet hits the hobgoblin.
The hobgoblin is severely wounded.
The hobgoblin hits you but does no damage.
The goblin hits you with a +0 dagger. x3
You shoot a sling bullet.
The sling bullet barely misses the hobgoblin.
Robin hits you with a +0 mace. The goblin hits you but does no damage.
The hobgoblin hits you but does no damage.
The goblin hits you but does no damage. x2
A dart slug comes into view.
The hobgoblin closely misses you. The goblin barely misses you.
Robin hits you with a +0 mace. The goblin hits you but does no damage.
The goblin barely misses you.
You shoot a sling bullet.
The sling bullet closely misses the hobgoblin.
The sling bullet hits the hobgoblin.
The hobgoblin is almost dead.
Robin hits you with a +0 mace. The hobgoblin barely misses you.
The goblin barely misses you.
The goblin hits you but does no damage. x2
906 ||| Stepping ~*~*~tactically~*~*~ (outnumbered).
The goblin attacks as you move away! The goblin hits you but does no damage.
The hobgoblin attacks as you move away!
The hobgoblin hits you but does no damage.
Robin attacks as you move away! Robin barely misses you.
Robin throws the goblin at you! The goblin barely misses you.
The goblin closely misses you. The goblin hits you but does no damage.
You shoot a sling bullet. The sling bullet hits the hobgoblin.
The hobgoblin is almost dead.
The hobgoblin hits you.
The goblin hits you but does no damage. x2
You shoot a sling bullet. The sling bullet hits the hobgoblin.
You kill the hobgoblin!
The goblin hits you with a +0 dagger. x2
You die...

###.##########.#
#...........#.#
#..#######..#.# #..#
#..#)##### #..#
#........# #..#
#..#.###.# #..#
#####..#.# #..#
#....gg#.# #..#
#....g@#.# #..#
#....gg#..
##..######.)g>)w....
#............S.#.#.#
###.#########....
#.<..............
#.#..#.########.##
#.#.<#.# .# #.#..#.#
.


You could see Robin, a hobgoblin (strong), 4 goblins and a ball python.

Vanquished Creatures
  A dart slug (D:1)
  An endoplasm (D:1)
  A giant cockroach (D:1)
  4 goblins
  2 hobgoblins (D:2)
  4 jackals (D:1)
  5 ball pythons (D:1)
  4 frilled lizards (D:1)
  2 kobolds
  2 rats (D:1)
26 creatures vanquished.

Notes
Turn   | Place    | Note
-------+----------+-------------------------------------------
     0 | D:1      | qw the Gargoyle Hexslinger began the quest for the Orb.
     0 | D:1      | Reached XP level 1. HP: 12/12 MP: 2/2
     0 | D:1      | 0 ||| qw: Version: 0.3-a-35-g05ef00e
     0 | D:1      | 0 ||| qw: Game counter: 7806
     0 | D:1      | 0 ||| qw: Melee chars always use a shield: true
     0 | D:1      | 0 ||| qw: God list: Okawaru
     0 | D:1      | 0 ||| qw: Allow faded altars: false
     0 | D:1      | 0 ||| qw: Do Orc after clearing Dungeon:15 true
     0 | D:1      | 0 ||| qw: Do second Lair branch before Depths: true
     0 | D:1      | 0 ||| qw: Lair rune preference: random
     0 | D:1      | 0 ||| qw: Goals: Normal
     0 | D:1      | 0 ||| PLANNING D:1-11
    83 | D:1      | Found a faded altar of an unknown god.
   257 | D:1      | Reached XP level 2. HP: 16/16 MP: 3/3
   451 | D:1      | Reached skill level 3 in Ranged Weapons
   451 | D:1      | HP: 4/16 [jackal (3)]
   735 | D:1      | 735 ||| FLEEEEING.
   810 | D:1      | 810 ||| UPGRADING to +2 ring mail of cold resistance.
   820 | D:1      | 820 ||| DROPPING +0 robe.
   821 | D:1      | 821 ||| READING 2 scrolls labelled EFUVAUPIES.
   822 | D:1      | 822 ||| READING scroll labelled IBLOYQOELY.
   823 | D:1      | 823 ||| READING scroll labelled BYKAER KICWAQ.
   823 | D:1      | Identified a scroll of acquirement
   823 | D:1      | 823 ||| ACQUIRING amulet of reflection
   823 | D:1      | Acquired an amulet of reflection
   825 | D:1      | 825 ||| READING scroll labelled XYQOCH ZARAME.
   826 | D:1      | 826 ||| DRINKING 2 white potions.
   827 | D:1      | 827 ||| DROPPING scroll of poison.
   881 | D:2      | Reached XP level 3. HP: 21/21 MP: 4/4
   893 | D:2      | Noticed Robin
   905 | D:2      | HP: 5/21 [Robin/+0 mace (1)]
   906 | D:2      | 906 ||| Stepping ~*~*~tactically~*~*~ (outnumbered).
   907 | D:2      | HP: 2/21 [hobgoblin[Robin] (3)]
   908 | D:2      | Slain by a goblin

Levels and vault maps discovered:
D:1:      roderic_crossed_star, layout_loops_corners, basic_ecumenical_altar
D:2:      layout_basic, minmay_misc_feat_alley, serial_park_tiny_pond,
          kennysheep_generic_room_7, uniq_robin, uniq_terence

Skill      XL: |  1  2 |
---------------+-------+-----
Ranged Weapons | 3 |  3.1
Fighting       | 2 |  2.0
Dodging        | |  1.5
Spellcasting   | |  1.0
Hexes          | |  2.6

Action                     || total
---------------------------++-------
   Fire: Sling             ||    69
    Use: Scroll            ||     4
         Potion            ||     1
 Armour: Robe              ||    12
         Ring mail         ||    25
  Dodge: Dodged            ||    39

Table legend:
 A = Non-vault XP
 B = Vault XP
 C = Vault XP percentage of total XP
 D = Non-vault monster count
 E = Vault monster count
 F = Vault count percentage of total count
                 A         B        C        D         E       F
            +---------+---------+-------+---------+---------+-------
      Total |      34 |      10 |  22.7 |      21 |       5 |  19.2
            +---------+---------+-------+---------+---------+-------
        D:1 |      32 |       0 |   0.0 |      20 |       0 |   0.0
        D:2 |       2 |      10 |  83.3 |       1 |       5 |  83.3
            +---------+---------+-------+---------+---------+-------
